Unix NetHack Version 3.7.0-101 Work-in-progress - last build Mar 25 2024 11:18:41 (462964f8eaac915e699fc3a71b43428251fec12b,branch:master). Game began 2024-03-29 08:14:22, ended 2024-03-29 09:01:46. elenmirie, neutral female gnomish Archeologist -------------- ------- |............| $.... |............| ------------- ..r |............| |...........| .r. |............| |...........| . -------|------ ####............|0 r # ### |.....>.....|# @ # # ............|# r ## ### |............#*# # # # ----...+-----# # #d # # ##* # # # -----.------ ## ##*##### # -----.----- |.........<-### ## ####|.........| |.....)....| 0# #-.........| |..........| |.........| ------------ |.........| |.........| |.........| ----------- Elenmirie the Field Worker St:13 Dx:9 Co:16 In:13 Wi:16 Ch:10 Neutral Dlvl:4 $:35 HP:0(36) Pw:24(24) AC:8 Xp:4/117 T:1570 Latest messages: You hit the rock with all your might. Yermak drops a rock. You succeed in cutting away some rock. $ - 2 gold pieces (35 in total). What do you want to use or apply? [aegqtwx or ?*] w What do you want to wield? [- ae or ?*] a a - an uncursed +2 bullwhip (weapon in left hand). e - an uncursed +0 pick-axe (alternate weapon; not wielded). You swap places with Yermak. With great effort you move the boulder. You kill the lichen! Yermak drops a rock. You find a hidden door. The door opens. You hear crashing rock. The wererat opens a door. The wererat hurls a black potion! The flagon crashes on your head and breaks into shards. The black potion evaporates. It suddenly gets dark. It bites! You can see again. You miss the wererat. The wererat summons help! A rabid rat suddenly appears next to you! A giant rat suddenly appears close by! The wererat bites! You feel feverish. You kill the wererat! The rabid rat bites! You lash the rabid rat. The rabid rat bites! You miss the rabid rat. The rabid rat bites! You lash the rabid rat. The giant rat bites! The rabid rat just misses! You miss the rabid rat. The giant rat bites! The rabid rat bites! Are you sure you want to pray? [yn] (n) y You begin praying to Camaxtli. The giant rat bites! The rabid rat bites! You die... Do you want your possessions identified? [ynq] (y) y Do you want to see your attributes? [ynq] (y) y Do you want an account of creatures vanquished? [ynaq] (y) y Do you want to see your conduct and achievements? [ynq] (y) y Do you want to see the dungeon overview? [ynq] (y) y Inventory: Coins $ - 35 gold pieces Weapons a - an uncursed +2 bullwhip (weapon in left hand) Armor c - an uncursed +0 fedora (being worn) m - an uncursed +0 leather armor (being worn) b - an uncursed +0 leather jacket Comestibles d - 3 uncursed food rations Rings k - a cursed -2 ring of increase accuracy Tools w - an uncursed sack containing 5 items x - an uncursed blindfold q - a blessed oil lamp e - an uncursed +0 pick-axe (alternate weapon; not wielded) t - an uncursed tinning kit (0:49) Gems/Stones z - an uncursed jasper stone g - an uncursed touchstone Contents of the sack: a blessed scroll of destroy armor an uncursed scroll of teleportation an uncursed spellbook of detect food an uncursed potion of confusion a blessed potion of see invisible Elenmirie the Archeologist's attributes: Background: You were a Field Worker, a level 4 female gnomish Archeologist. You were neutral, on a mission for Camaxtli who was opposed by Quetzalcoatl (lawful) and Huhetotl (chaotic). You were left-handed. You were in the Dungeons of Doom, on level 4. You entered the dungeon 1570 turns ago. You had 117 experience points, 43 more were needed to attain level 5. Basics: You had 0 out of 36 hit points. You had all 24 energy points (spell power). Your armor class was 8. Your wallet contained 35 zorkmids. Autopickup was on for '$' plus thrown. Final Characteristics: Your strength was 13 (limit:18/50). Your dexterity was 9 (limit:18). Your constitution was 16 (limit:18). Your intelligence was 13 (limit:19). Your wisdom was 16 (limit:18). Your charisma was 10 (limit:18). Final Status: You weren't hungry. You were unencumbered. You were wielding a whip. You had basic skill with whip. Final Attributes: You were devoutly aligned. You were level-drain resistant. You had automatic searching. You had infravision. You were warded. You were a wererat. You were harmed by silver. You are dead. Miscellaneous: You never encountered a bones level. Total elapsed playing time was 38 minutes and 29 seconds. Major events: Turn 1: elenmirie the neutral female gnomish Archeologist entered the dungeon 798: entered the Gnomish Mines 850: attained the rank of Field Worker (level 3) 1570: killed by a rabid rat, while praying Vanquished creatures: a floating eye a dwarf a rabid rat 2 wererats an iguana 2 acid blobs a gas spore a hobbit a hobgoblin 2 giant rats 3 gnomes a gnome zombie 2 geckos a jackal a fox 3 goblins 2 sewer rats 7 grid bugs a bat 4 lichens 2 kobold zombies 4 newts 44 creatures vanquished. No species were genocided or became extinct. Voluntary challenges: You read items or engraved 1 time. You never engraved Elbereth. You never genocided any monsters. You never polymorphed an object. You never changed form. You used no wishes. Achievements: You entered the Gnomish Mines. You attained the rank of Field Worker. The Dungeons of Doom: levels 1 to 4 Level 1: A fountain. Level 2: Level 3: Stairs down to The Gnomish Mines. Level 4: <- You were here. Final resting place for you, killed by a rabid rat, while praying. The Gnomish Mines: levels 4 to 5 Level 4: Level 5: Game over: ---------- / \ / REST \ / IN \ / PEACE \ / \ | elenmirie | | 35 Au | | killed by a | | rabid rat | | | | | | 2024 | *| * * * | * _________)/\\_//(\/(/\)/\//\/|_)_______ Goodbye elenmirie the Archeologist... You died in The Dungeons of Doom on dungeon level 4 with 700 points, and 35 pieces of gold, after 1570 moves. You were level 4 with a maximum of 36 hit points when you died.